AoeStats
← soyshishigank

Arabia

509400885Analyzed
1v1 RM · 4d ago on Sep 26, 2026· 30m 9s· 2 players
Game mode
Random Map
Map size
Tiny (2 player)
Population
200
Speed
Normal
Resources
Standard
Victory
Conquest
Starting age
Dark Age
Ending age
Imperial Age
RankedLock teamsTeams togetherTeam positionsShared explorationLock speedFull tech treeHidden civsTurbo modeCheats
Victory
Defeat
🇪🇸 Persians · Spain
771
+17
🇨🇱 Vikings · Chile
786
-17
KAYDYNATOR
3:39 Loom
10:17 Feudal Age
10:53 Double-Bit Axe
11:33 Horse Collar
16:31 Gold Mining
16:23 Man-at-Arms
17:46 Scale Barding Armor
17:53 Forging
17:57 Bloodlines
20:21 Fletching
25:04 Castle Age
25:46 Bow Saw
25:39 Heavy Plow
26:16 Gold Shaft Mining
26:31 Scale Mail Armor
26:55 Chain Barding Armor
26:59 Husbandry
27:40 Stone Mining
29:00 Iron Casting
soyshishigank
7:15 Loom
9:41 Feudal Age
10:10 Double-Bit Axe
12:57 Fletching
16:35 Padded Archer Armor
19:12 Horse Collar
26:34 Castle Age
26:48 Crossbowman
28:12 Bodkin Arrow
28:29 Forging
Connection lost

Rejoining the realm…

Still unreachable

The connection could not be restored.

Session expired

The server has moved on; the page needs a fresh start.